 Dungeon Crawl Stone Soup version 0.21-a0-582-g1b93aee (webtiles) character file.

1578 Amnesiac the Thrower (level 9, -10/82 HPs)
             Began as a Halfling Fighter on Dec 19, 2017.
             Was a Follower of Okawaru.
             Mangled by Menkaure (16 damage)
             ... on level 5 of the Dungeon.
             The game lasted 00:09:02 (6555 turns).

Amnesiac the Thrower (Halfling Fighter)             Turns: 6555, Time: 00:09:02

Health: -10/82     AC: 11    Str: 25    XL:     9   Next: 14%
Magic:  9/9        EV:  9    Int:  6    God:    Okawaru [*.....]
Gold:   394        SH: 10    Dex: 14    Spells: 8/8 levels left

rFire    + . .     SeeInvis +   b - +0 short sword (drain)
rCold    . . .     Gourm    .   c - +0 shield
rNeg     . . .     Faith    +   B - +0 chain mail {rF+}
rPois    .         Spirit   .   (no helmet)
rElec    .         Reflect  .   r - +1 cloak
rCorr    +         Harm     .   (no gloves)
MR       .....                  (no boots)
Stlth    ..........             l - amulet of faith
HPRegen  0.23/turn              E - ring of resist corrosion
MPRegen  0.11/turn              e - ring of see invisible

@: berserking, starving, very quick
A: small, mutation resistance 1
a: Heroism, Renounce Religion


You were on level 5 of the Dungeon.
You worshipped Okawaru.
Okawaru was aware of your devotion.
You were starving.

You visited 1 branch of the dungeon, and saw 8 of its levels.

You collected 394 gold pieces.

Inventory:

Hand Weapons
 a - a +1 dagger of venom
 b - a +0 short sword of draining (weapon)
 x - a +1 rapier
Missiles
 j - 43 poisoned needles
 k - 145 stones (quivered)
 y - 3 needles of confusion
 A - 2 throwing nets
 C - 12 sling bullets
 J - 4 tomahawks
Armour
 c - a +0 shield (worn)
 r - a +1 cloak (worn)
 B - a +0 chain mail of fire resistance (worn)
 F - a +0 plate armour
Jewellery
 e - a ring of see invisible (right hand)
 l - an amulet of faith (around neck)
 n - an uncursed ring of positive energy
 s - an uncursed ring of fire
 E - a ring of resist corrosion (left hand)
Wands
 q - a wand of polymorph (13)
Scrolls
 h - 4 scrolls of teleportation {!r}
 i - 2 scrolls of magic mapping {!r}
 t - a scroll of remove curse {!r}
 u - a scroll of blinking {!r}
 v - a scroll of fear {!r}
 D - 2 scrolls of amnesia {!r}
 L - 2 scrolls of enchant armour {!r}
Potions
 d - 2 potions of might {!q}
 g - a potion of resistance {!q}
 m - 2 potions of haste {!q, unknown}
 o - 2 potions of invisibility {!q}
 p - 2 potions of brilliance {!q, unknown}
 w - 2 potions of magic {!q, unknown}
 z - 3 potions of curing {!q}
 G - a potion of heal wounds {!q}
 H - 2 potions of ambrosia {!q}
 I - a potion of degeneration {!q, unknown}
Comestibles
 f - 13 rations


   Skills:
 * Level 2.8 Fighting
 - Level 2.4 Short Blades
 + Level 10.0 Throwing
 * Level 3.4 Armour
 * Level 3.3 Dodging
 * Level 3.5 Shields
 + Level 0.3 Invocations
 + Level 0.2 Evocations


You had 8 spell levels left.
You didn't know any spells.

Dungeon Overview and Level Annotations

Branches:
Dungeon (8/15)             Temple (0/1) D:6
   Lair: D:8-11

Altars:
Fedhas
Kikubaaqudgha
Okawaru
Qazlal
Ru
Sif Muna
Trog
Xom
Yredelemnul
Zin

Annotations:
D:5 1 transporter, Menkaure


Innate Abilities, Weirdness & Mutations

You are small and have problems with some larger weapons.
You are somewhat resistant to further mutation.


Message History

You hit Menkaure but do no damage. You block Menkaure's attack.
You hit Menkaure but do no damage.
Menkaure mumbles, "It doesn't hurt if you pull your brain out of your nose yourself."
You block Menkaure's attack. The shadow imp hits you.
The shadow imp gestures at you. Pain shoots through your body!
Menkaure casts a spell.
Menkaure seems to speed up.
The shadow imp gestures at you. Pain shoots through your body!
You miss the hungry ghost. The hungry ghost hits you.
You are near starving!
Menkaure calls on the powers of darkness!
Your body is wracked with pain!
* * * LOW HITPOINT WARNING * * *
Okay, then.
Okay, then.
Really quaff
K - a yellow potion {!q}?
It was a potion of berserk rage {!q}.
A red film seems to cover your vision as you go berserk!
You feel yourself moving faster!
You feel mighty!
The shadow imp shouts, "Escape, thou puny boil-brained baggage!"
You block the hungry ghost's attack.
You hit the hungry ghost.
The hungry ghost is lightly damaged.
You block the hungry ghost's attack.
Your shield and chain mail prevent you from hitting the hungry ghost.
The hungry ghost is lightly damaged.
You block the shadow imp's attack. The hungry ghost hits you.
You feel somewhat more hungry.
You puncture Menkaure!
Menkaure is moderately damaged.
Menkaure points at you and mumbles some strange words.
You struggle to resist.
The shadow imp gestures at you. Pain shoots through your body!
* * * LOW HITPOINT WARNING * * *
The hungry ghost hits you.
You are starving!
You puncture Menkaure!
Menkaure is severely damaged.
Menkaure hits you.
* * * LOW HITPOINT WARNING * * *
You hit Menkaure.
Menkaure is almost destroyed.
The shadow imp closely misses you. The hungry ghost hits you.
You feel somewhat more hungry. You block Menkaure's attack.
You closely miss Menkaure.
Menkaure is almost destroyed.
The shadow imp barely misses you. The hungry ghost hits you.
You feel somewhat more hungry.
You barely miss Menkaure.
Menkaure is almost destroyed.
Menkaure casts a spell at you. Pain shoots through your body!
* * * LOW HITPOINT WARNING * * *
Your shield and chain mail prevent you from hitting Menkaure.
Menkaure is almost destroyed.
The shadow imp gestures at you. Pain shoots through your body!
* * * LOW HITPOINT WARNING * * *
Menkaure hits you!
You die...

##..####.... ##..## #....
##############..## ##....
#..............## ##...>.
#.###########.######..####
#.#...............#...#.##
#.#.#############....##_.♣
#.#.#...M......©#...##8...
#.#.#:..5@......#....##_.♣
#.#.#$.###W###..#.....#.##
#.#.#_.#8#.#8#..#.#...####
#...#|...M......#.........
#..©#⌠....©.....#©.......)
##..#[..........#.....<...
##.#_.#8#.#8#..#.#.......
#.#$.###.###..#.##.....#
#.#=..........#.####..##


You could see a hungry ghost, Menkaure and a shadow imp.

Vanquished Creatures
  The ghost of SpeedyPerson7 the Cleaver, a novice MiBe of Trog (D:5)
  Sigmund (D:2)
  An ice beast (D:8)
  An ogre (D:8)
  2 centaurs
  2 scorpions
  A bullfrog zombie (D:6)
  A crimson imp (D:5)
  2 hounds
  2 orc priests
  2 orc wizards
  Crazy Yiuf (D:2)
  Terence (D:2)
  An iguana (D:6)
  3 worker ants
  A hound skeleton (D:4)
  3 gnolls (D:4)
  12 adders
  A shadow imp (D:5)
  2 worms
  4 leopard geckos
  17 orcs
  2 ball pythons
  5 giant cockroaches
  10 goblins
  7 hobgoblins
  5 jackals (D:1)
  2 quokkas
  2 bats (D:2)
  8 frilled lizards
  9 kobolds
  A quokka zombie (D:5)
  2 rats
115 creatures vanquished.

Vanquished Creatures (others)
  A scorpion (D:6)
1 creature vanquished.

Grand Total: 116 creatures vanquished

Notes
Turn   | Place    | Note
-------+----------+-------------------------------------------
     0 | D:1      | Amnesiac the Halfling Fighter began the quest for the Orb.
     0 | D:1      | Reached XP level 1. HP: 15/15 MP: 1/1
    46 | D:1      | Reached skill level 1 in Dodging
    50 | D:1      | Reached XP level 2. HP: 16/20 MP: 2/2
   220 | D:1      | Reached XP level 3. HP: 25/25 MP: 3/3
  1022 | D:2      | Reached skill level 1 in Throwing
  1022 | D:2      | Reached XP level 4. HP: 22/30 MP: 4/4
  1081 | D:2      | Noticed Terence
  1116 | D:2      | Killed Terence
  1116 | D:2      | Reached skill level 2 in Throwing
  1330 | D:2      | Reached XP level 5. HP: 18/35 MP: 5/5
  1559 | D:2      | Reached skill level 3 in Throwing
  1689 | D:2      | Noticed Sigmund
  1697 | D:2      | Killed Sigmund
  1697 | D:2      | Reached skill level 4 in Throwing
  1697 | D:2      | Reached XP level 6. HP: 36/41 MP: 6/6
  1705 | D:2      | Found a runed door.
  1709 | D:2      | Noticed Crazy Yiuf
  1713 | D:2      | Killed Crazy Yiuf
  1713 | D:2      | Reached skill level 5 in Throwing
  2342 | D:3      | Found a blossoming altar of Fedhas.
  2926 | D:3      | Found a glowing silver altar of Zin.
  3230 | D:4      | Reached XP level 7. HP: 44/45 MP: 7/7
  3264 | D:4      | Reached skill level 6 in Throwing
  3454 | D:4      | You fall through a shaft!
  3454 | D:5      | Entered Level 5 of the Dungeon
  3454 | D:5      | Found a bloodstained altar of Trog.
  3854 | D:4      | Found an iron altar of Okawaru.
  3870 | D:4      | Became a worshipper of Warmaster Okawaru
  4268 | D:5      | Found a transporter.
  4270 | D:5      | Found a transporter.
  4293 | D:5      | Noticed SpeedyPerson7's ghost (novice MiBe)
  4297 | D:5      | Reached skill level 7 in Throwing
  4539 | D:5      | Reached XP level 8. HP: 49/51 MP: 8/8
  4637 | D:5      | Found a shimmering altar of Xom.
  4700 | D:5      | Found a deep blue altar of Sif Muna.
  4700 | D:5      | Found a sacrificial altar of Ru.
  4724 | D:6      | Found a stormy altar of Qazlal.
  5167 | D:5      | Killed SpeedyPerson7's ghost
  5167 | D:5      | Reached skill level 9 in Throwing
  5344 | D:5      | Found an ancient bone altar of Kikubaaqudgha.
  5354 | D:5      | Noticed Menkaure
  5354 | D:5      | Found a basalt altar of Yredelemnul.
  5504 | D:5      | You fall through a shaft for 3 floors!
  5518 | D:8      | Reached * piety under Okawaru
  5833 | D:8      | Reached XP level 9. HP: 34/55 MP: 9/9
  6064 | D:6      | Found a staircase to the Ecumenical Temple.
  6105 | D:6      | Reached skill level 10 in Throwing
  6555 | D:5      | Mangled by Menkaure

Vault maps used:
D:1:      denvon_arrival_planthouse
D:2:      uniq_crazy_yiuf_cottage, uniq_sigmund, uniq_terence
D:3:      zin_scriptorium, hangedman_decor_growths, fedhas_altar_2
D:4:      okawaru_altar_gauntlet_db, first_ration
D:5:      gammafunk_temple_of_torment, old_standard_altar, lemuel_crystal_altar,
          gammafunk_temple_overflow_statue
D:6:      grunt_qazlal_clouds, minmay_temple_entry_statues_pillars
D:7:      serial_shops, shop, minmay_misc_feat_roman

Skill      XL: |  1  2  3  4  5  6  7  8  9 |
---------------+----------------------------+-----
Dodging        | 1 2 3 |  3.3
Throwing       | 1 2 4 5 7 9 10 | 10.0
Fighting       | |  2.8
Short Blades   | |  2.4
Armour         | |  3.4
Shields        | |  3.5
Invocations    | |  0.3
Evocations     | |  0.2

Action                   |  1- 3 |  4- 6 |  7- 9 || total
-------------------------+-------+-------+-------++-------
Melee: Rapier            |    92 |   123 |   117 ||   332
       Short sword       |       |       |   189 ||   189
       Dagger            |       |       |    27 ||    27
Throw: Stone             |    41 |    81 |    87 ||   209
       Tomahawk          |       |       |    13 ||    13
  Use: Scroll            |     1 |     5 |    10 ||    16
       Potion            |       |     1 |     1 ||     2
  Eat: Chunk             |       |     7 |     7 ||    14
       Ration            |       |       |     1 ||     1
Armor: Scale mail        |    20 |     2 |       ||    22
       Chain mail        |       |    31 |    29 ||    60
       Plate armour      |       |       |   127 ||   127
Dodge: Dodged            |    23 |    36 |    70 ||   129
Block: Shield            |    46 |    48 |   186 ||   280

Table legend:
 A = Spawn XP
 B = Non-spawn XP
 C = Spawn XP percentage of total XP
 D = Spawn monster count
 E = Non-spawn monster count
 F = Spawn count percentage of total count
 G = Total turns spent on level
                    A         B        C        D         E        F      G
               +---------+---------+-------+---------+---------+-------+---------
         Total |       0 |    2255 |   0.0 |       0 |     115 |   0.0 |  6555
               +---------+---------+-------+---------+---------+-------+---------
           D:1 |       0 |      41 |   0.0 |       0 |      23 |   0.0 |   760
           D:2 |       0 |     396 |   0.0 |       0 |      19 |   0.0 |  1578
           D:3 |       0 |      66 |   0.0 |       0 |      18 |   0.0 |   878
           D:4 |       0 |     299 |   0.0 |       0 |      26 |   0.0 |  1061
           D:5 |       0 |     832 |   0.0 |       0 |      16 |   0.0 |  1297
           D:6 |       0 |     252 |   0.0 |       0 |       5 |   0.0 |   458
           D:7 |       0 |      27 |   0.0 |       0 |       2 |   0.0 |   130
           D:8 |       0 |     342 |   0.0 |       0 |       6 |   0.0 |   393
               +---------+---------+-------+---------+---------+-------+---------
